 Dungeon Crawl Stone Soup version 0.27-a0-223-ge082b6e869 (webtiles) character file.

Game seed: 4895002296412302331

355 iamserjio the Ruffian (level 6, -15/59 HPs)
             Began as a Troll Hedge Wizard on Feb 1, 2021.
             Demolished by an ogre
             ... wielding a cursed +0 giant club
              (26 damage)
             ... on level 6 of the Dungeon.
             The game lasted 00:05:19 (936 turns).

iamserjio the Ruffian (Troll Hedge Wizard)           Turns: 936, Time: 00:05:20

Health: -15/59     AC:  6    Str: 19    XL:     6   Next: 36%
Magic:  8/8        EV: 10    Int: 12    God:
Gold:   138        SH:  0    Dex:  9    Spells: 6/9 levels left

rFire    . . .     SeeInvis .     - Unarmed
rCold    . . .     Faith    .   (no shield)
rNeg     . . .     Spirit   .   b - +0 robe
rPois    .         Reflect  .   c - +0 hat
rElec    .         Harm     .   (no cloak)
rCorr    .         Rampage  .   (gloves unavailable)
Will     .....                  (boots unavailable)
Stlth    +.........             (no amulet)
HPRegen  0.59/turn              (no ring)
MPRegen  0.11/turn              (no ring)

@: lethally poisoned (-15 -> -15)
A: large, unfitting armour, claws 3, regeneration 1, shaggy fur 1, tough skin 3
a: no special abilities


You were on level 6 of the Dungeon.
You visited 2 branches of the dungeon, and saw 8 of its levels.

You collected 138 gold pieces.

Inventory:

Hand Weapons
 a - a +0 dagger
Missiles
 g - 5 javelins (quivered)
Armour
 b - a +0 robe (worn)
 c - a +0 hat (worn)
 n - a +0 cloak
Wands
 i - a wand of polymorph (7)
 m - a wand of acid (7) {@v1}
 o - a wand of random effects (19)
Scrolls
 d - 4 scrolls of identify {@r1}
 f - 2 scrolls of amnesia
 k - a scroll of fog {unknown}
 l - a scroll of enchant weapon {unknown}
Potions
 e - 5 potions of curing {@q1}
 j - a potion of berserk rage {unknown}


   Skills:
 + Level 2.9 Fighting
 - Level 1.5 Dodging
 - Level 1.0 Stealth
 * Level 5.1 Unarmed Combat
 - Level 2.0 Spellcasting
 - Level 0.6 Conjurations
 - Level 0.6 Summonings
 - Level 0.6 Translocations


You had 6 spell levels left.
You knew the following spells:

 Your Spells              Type           Power        Failure   Level
a - Magic Dart            Conj           8%           22%         1
b - Blink                 Tloc           N/A          32%         2

Your spell library contained the following spells:

 Spells                   Type           Power        Failure   Level
 Call Imp                 Summ           2%           32%         2
 Slow                     Hex            1%           38%         2
 Conjure Flame            Conj/Fire      1%           58%         3
 Mephitic Cloud           Conj/Pois/Air  1%           58%         3


Dungeon Overview and Level Annotations

Branches:
Dungeon (7/15)             Temple (1/1) D:6

Altars:
Ashenzari
Elyvilon
Fedhas
Gozag
Kikubaaqudgha
Qazlal
Sif Muna
Trog
Uskayaw
Yredelemnul
Zin
The Shining One

Annotations:
D:4 Pikel
D:6 Dowan


Innate Abilities, Weirdness & Mutations

You are too large for most types of armour.
You have claws for hands.
Your natural rate of healing is unusually fast.
You are covered in fur. (AC +1)
You have extremely tough skin. (AC +3)


Message History

You closely miss the ogre. You claw the ogre!
You hear the brisk rusting of a distant drain.
You scratch the ogre but do no damage.
You feel sick.
The ogre hits you with a cursed +0 giant club!
* * * LOW HITPOINT WARNING * * *
You claw the ogre! The ogre barely misses you.
You feel sick.
Dowan mumbles some strange words.
Dowan blinks!
You feel much better.
You feel sick.
You barely miss the ogre. The ogre barely misses you.
You scratch the ogre.
You feel sick.
The ogre hits you with a cursed +0 giant club!
You closely miss the ogre. You barely miss the ogre.
The ogre hits you with a cursed +0 giant club!
* * * LOW HITPOINT WARNING * * *
You closely miss the ogre.
You feel sick.
The ogre hits you with a cursed +0 giant club!!
You die...

....#
.........................
....#
.......†......#..........
....#
..............#..........
....#
.............##..........
....#
.............##..........
....#
.....##.......#...##.....
..... .... #.......#...#
..... .....
.....##..†........# .....
#.).. ........@†........#
#... .......O####.......
.... ...$...........##..
#.... ...#####.......# .
..... .. .(....... .....
..######......... ....
...........#..........
..#
........................
..##..
......................


You could see an ogre.

Vanquished Creatures
  An ogre (D:6)
  A lemure (D:4)
  2 scorpions (D:6)
  2 worker ants
  3 gnolls (D:6)
  4 adders
  A white imp (D:6)
  An adder zombie (D:6)
  An adder skeleton (D:6)
  2 worms
  2 dart slugs (D:1)
  3 leopard geckos
  2 ball pythons
  4 bats
  4 giant cockroaches
  3 goblins
  4 jackals (D:6)
  A quokka (D:2)
  3 frilled lizards
  A kobold (D:1)
  5 rats
50 creatures vanquished.

Notes
Turn   | Place    | Note
-------+----------+-------------------------------------------
     0 | D:1      | iamserjio the Troll Hedge Wizard began the quest for the
                  | Orb.
     0 | D:1      | Reached XP level 1. HP: 16/16 MP: 2/2
    31 | D:2      | Reached skill level 1 in Unarmed Combat
    31 | D:2      | Reached XP level 2. HP: 25/26 MP: 4/4
    89 | D:1      | Reached skill level 1 in Fighting
    91 | D:1      | Reached skill level 2 in Unarmed Combat
   114 | D:1      | Reached XP level 3. HP: 33/33 MP: 5/5
   428 | D:4      | Noticed a lemure
   429 | D:4      | Noticed Pikel
   467 | D:4      | Killed a lemure
   495 | D:5      | Entered Level 5 of the Dungeon
   539 | D:6      | Noticed a scorpion
   548 | D:6      | Killed a scorpion
   549 | D:6      | Reached skill level 3 in Unarmed Combat
   549 | D:6      | Reached XP level 4. HP: 32/42 MP: 6/6
   557 | D:6      | Learned a level 2 spell: Blink
   602 | D:6      | Noticed an ogre
   603 | D:6      | Found an ancient bone altar of Kikubaaqudgha.
   610 | D:6      | Killed an ogre
   611 | D:6      | Reached skill level 4 in Unarmed Combat
   611 | D:6      | Reached XP level 5. HP: 50/50 MP: 7/7
   624 | D:6      | Found a staircase to the Ecumenical Temple.
   629 | Temple   | Entered the Ecumenical Temple
   763 | D:7      | Reached XP level 6. HP: 49/59 MP: 8/8
   788 | D:6      | Noticed Edmund
   793 | D:6      | Noticed Dowan
   800 | D:6      | Noticed Edmund
   800 | D:6      | Edmund changed into Edmund the worm
   805 | D:6      | Killed Edmund the worm
   807 | D:6      | Reached skill level 5 in Unarmed Combat
   936 | D:6      | Demolished by an ogre

Illustrated notes

Levels and vault maps discovered:
D:1:      shiori_arrival_elements, layout_loops_ring, minmay_small_reverse_x
D:2:      layout_loops_ring, overflow_temple_1_default,
          kennysheep_generic_room_13
D:3:      layout_rooms, serial_rivers, chequers_serial_rivers_room_a,
          chequers_serial_rivers_micro_b, chequers_serial_rivers_small_b,
          chequers_serial_rivers_micro_b, chequers_serial_rivers_micro_e,
          saegor_snake_ambush
D:4:      layout_loops_ring, uniq_pikel, uniq_grinder, uniq_eustachio
D:5:      layout_rooms, minitemple, nicolae_alphabet_shops,
          cheibrodos_worm_habitat
D:6:      layout_basic, minmay_temple_entry_arrows, gup_sewer_entry_bubbles,
          basic_altar, uniq_duvessa, uniq_edmund
D:7:      layout_gridville, nicolae_ossuary_entry_giza, tgw_xom
Temple:   minmay_temple_curvy_loop

Skill      XL: |  1  2  3  4  5  6 |
---------------+-------------------+-----
Unarmed Combat | 1 2 3 4 5 |  5.1
Fighting       | 1 2 |  2.9
Dodging        | |  1.5
Stealth        | |  1.0
Spellcasting   | |  2.0
Conjurations   | |  0.6
Summonings     | |  0.6
Translocations | |  0.6

Action                   |  1- 3 |  4- 6 || total
-------------------------+-------+-------++-------
Melee: Unarmed           |   121 |    78 ||   199
       Punch             |       |     1 ||     1
Throw: Javelin           |       |     3 ||     3
Evoke: Wand              |       |     2 ||     2
  Use: Scroll            |     3 |       ||     3
       Potion            |       |     1 ||     1
 Stab: Sleeping          |     1 |     1 ||     2
Armor: Robe              |    44 |    38 ||    82
Dodge: Dodged            |    74 |    55 ||   129

Table legend: (Time is in decaauts)
 A = Elapsed time spent in this place.
 B = Non-inter-level travel time spent in this place.
 C = Inter-level travel time spent in this place.
 D = Time resting spent in this place.
 E = Time spent auto-exploring this place.
 F = Levels seen in this place.
 G = Mean time per level.
                   A        B        C        D        E       F      G
               +--------+--------+--------+--------+--------+-----+--------+
         Total |    929 |    909 |     20 |      0 |      0 |   8 |  116.1 |
       Dungeon |    836 |    829 |      7 |      0 |      0 |   7 |  119.4 |
        Temple |     92 |     79 |     13 |      0 |      0 |   1 |   92.0 |
               +--------+--------+--------+--------+--------+-----+--------+

Top non-repeatable levels by time:
     D:6: 322 daAuts
     D:2: 180 daAuts
     D:1: 113 daAuts
     D:4: 112 daAuts
  Temple: 92 daAuts
     D:3: 86 daAuts
     D:5: 11 daAuts
     D:7: 9 daAuts
